 Dungeon Crawl Stone Soup version 0.22.1-1-ga44c0e56f4 (webtiles) character file.

11428 Kaderl the Thaumaturge (level 12, 0/80 HPs)
             Began as a Human Fire Elementalist on Oct 5, 2018.
             Slain by a warg (12 damage)
             ... led by an orc knight
             ... on level 1 of the Orcish Mines.
             The game lasted 01:35:10 (22036 turns).

Kaderl the Thaumaturge (Human Fire Elementalist)   Turns: 22036, Time: 01:35:11

Health: 0/80       AC:  5    Str:  9    XL:     12   Next: 7%
Magic:  18/25      EV: 30    Int: 21    God:
Gold:   1100       SH:  0    Dex: 13    Spells: 12/30 levels left

rFire    + + +     SeeInvis .   D - staff of fire
rCold    + . .     Gourm    .   (no shield)
rNeg     . . .     Faith    .   H - +2 robe {rF+}
rPois    .         Spirit   .   f - +0 helmet
rElec    .         Reflect  .   (no cloak)
rCorr    .         Harm     .   (no gloves)
MR       .....                  (no boots)
Stlth    +++.......             z - amulet of the acrobat
HPRegen  0.23/turn              r - ring of protection from fire
MPRegen  0.19/turn              t - ring of protection from cold

@: no status effects
A: no striking features
a: no special abilities


You were on level 1 of the Orcish Mines.
You were not hungry.

You visited 4 branches of the dungeon, and saw 15 of its levels.

You collected 1100 gold pieces.

Inventory:

Hand Weapons
 y - a +4 dagger
Armour
 f - a +0 helmet (worn)
 H - a +2 robe of fire resistance (worn)
Magical Staves
 D - an uncursed staff of fire (weapon)
Jewellery
 n - an uncursed ring of flight
 r - a ring of protection from fire (left hand)
 t - a ring of protection from cold (right hand)
 z - an amulet of the acrobat (around neck)
Wands
 h - a wand of enslavement (7)
 w - a wand of paralysis (16)
 A - a wand of random effects (19)
 B - a wand of acid (2)
 E - a wand of iceblast (2)
 G - a wand of disintegration (8)
Scrolls
 a - 5 scrolls of teleportation
 c - 6 scrolls of remove curse
 e - 3 scrolls of magic mapping
 g - 5 scrolls of identify
 i - 2 scrolls of amnesia
 v - a scroll of enchant weapon
Potions
 d - 7 potions of curing
 j - 2 potions of flight
 k - a potion of haste
 l - 6 potions of brilliance
 m - a potion of berserk rage
 p - a potion of agility {unknown}
 s - a potion of lignification {unknown}
 x - a potion of invisibility {unknown}
Comestibles
 q - 5 rations


   Skills:
 + Level 2.9 Fighting
 + Level 0.3 Short Blades
 + Level 1.4 Staves
 + Level 5.5 Dodging
 + Level 4.1 Stealth
 + Level 0.4 Unarmed Combat
 + Level 9.8 Spellcasting
 + Level 9.7 Conjurations
 + Level 0.9 Hexes
 + Level 9.5 Fire Magic
 + Level 0.9 Evocations


You had 12 spell levels left.
You knew the following spells:

 Your Spells              Type           Power        Failure   Level  Hunger
a - Flame Tongue          Conj/Fire      #####        1%          1    None
b - Throw Flame           Conj/Fire      ######       1%          2    None
c - Conjure Flame         Conj/Fire      ######..     1%          3    None
d - Sticky Flame          Conj/Fire      ######..     1%          4    ##.....
e - Fireball              Conj/Fire      ######....   3%          5    ####...
f - Inner Flame           Hex/Fire       #####...     2%          3    None

Your spell library contained the following spells:

 Spells                   Type           Power        Failure   Level  Hunger
 Mephitic Cloud           Conj/Pois/Air  ###.....     5%          3    None
 Animate Skeleton         Necr           N/A          7%          1    None
 Pain                     Necr           ##..         7%          1    None
 Summon Butterflies       Summ           ##......     7%          1    None
 Poisonous Vapours        Pois/Air       ##....       10%         2    None
 Call Canine Familiar     Summ           ##......     21%         3    None
 Regeneration             Chrm/Necr      ##........   21%         3    None
 Vampiric Draining        Necr           ##........   21%         3    None
 Animate Dead             Necr           N/A          54%         4    ##.....
 Summon Ice Beast         Ice/Summ       ##......     54%         4    ##.....
 Summon Mana Viper        Hex/Summ       ##......     83%         5    ####...
 Freezing Cloud           Conj/Ice/Air   ###.......   95%         6    ######.
 Ring of Flames           Chrm/Fire      #####.....   100%        7    #######
 Summon Hydra             Summ           ##........   100%        7    #######


Dungeon Overview and Level Annotations

Branches:
Dungeon (11/15)            Temple (1/1) D:5            Lair (1/6) D:11
    Orc (2/2) D:11
    Elf: Orc:2

Altars:
Ashenzari
Cheibriados
Dithmenos
Elyvilon
Fedhas
Gozag
Hepliaklqana
Kikubaaqudgha
Makhleb
Nemelex Xobeh
Okawaru
Qazlal
Ru
Sif Muna
Trog
Uskayaw
Vehumet
Wu Jian
Xom
Yredelemnul
Zin
The Shining One

Shops:
D:7 :   D:8 (

Annotations:
D:7 Sotto's ghost, novice GrFi
D:10 Psyche


Message History

Aim: an orc warrior, wielding a battleaxe and wearing a chain mail (unusually You feel a surge of power!
The sticky flame hits the orc warrior.
The orc warrior is lightly wounded.
The orc warrior is covered in liquid flames!
The orc warrior burns!
The warg bites you! The orc misses you.
Casting: Sticky Flame (safe; 1% risk of failure)
Confirm with . or Enter, or press ? or * to list all spells.
Aiming: Sticky Flame (safe; 1% risk of failure)
Press: ? - help, Shift-Dir - straight line, f - orc, p - orc warrior
Aim: an orc (unusually strong)
You feel a surge of power!
The sticky flame hits the orc.
You kill the orc!
The orc warrior burns!
The warg bites you!
The orc warrior hits you with a battleaxe!!
* * * LOW HITPOINT WARNING * * *
The warg closely misses you.
The orc warrior burns!
The orc warrior burns!
The orc warrior stops burning.
The warg bites you!
You die...

..........#...........##....[....
..#........#....[..[.............
.##.......................#......
.#..............................#
###.....#.#...##........#.##...#.
# #........#.##....>...###.#.....
##.......#....[........#........
#........#.....h........#.......
##......#......@o...#....##.....
#...^#.###...........#..##......
##...### ###........#...#....#.#
####.## ###...#####.###.#####
#.#...# ##...# ### ### .....##
##..##### #.#.## ###....#..##
##### ##..........#
##.....#.#..##


You could see a warg and an orc warrior.

Vanquished Creatures
  A hydra (D:11)
  An orc high priest (D:11)
  A black mamba (Lair:1)
  A gargoyle (D:11)
  2 trolls (D:11)
  2 hippogriffs
  A spriggan (D:7)
  4 wraiths (D:7)
  A wyvern (D:11)
  4 yaks (D:10)
  A steam dragon (D:11)
  4 water moccasins
  2 porcupines (Lair:1)
  4 ice beasts
  2 sky beasts (D:6)
  13 orc warriors
  A hornet zombie (D:10)
  A necrophage (D:10)
  3 centaurs
  3 phantoms
  An ogre (D:6)
  A crocodile (D:10)
  A big kobold (D:9)
  4 bullfrogs
  3 scorpions
  10 killer bees
  6 wights (D:10)
  9 howler monkeys
  2 electric eels (Lair:1)
  A bullfrog zombie (D:7)
  4 crimson imps
  A jelly (D:7)
  A quasit (D:6)
  7 hounds
  7 orc priests
  2 centaur skeletons
  3 iguanas
  21 orc wizards
  A bullfrog skeleton (D:4)
  Jessica (D:2)
  Natasha (thrice) (D:2)
  6 worker ants
  A hound zombie (D:6)
  A hound skeleton (D:4)
  16 gnolls
  10 adders
  3 shadow imps
  3 white imps (D:7)
  A worker ant simulacrum (D:7)
  An ooze (D:2)
  3 adder zombies
  2 adder skeletons
  3 worms
  An adder simulacrum (D:7)
  8 leopard geckos
  65 orcs
  4 giant cockroaches
  11 goblins
  3 hobgoblins (D:3)
  7 jackals
  11 kobolds
  3 ball pythons
  A ball python skeleton (D:4)
  8 bats
  4 frilled lizards
  A quokka skeleton (D:5)
  5 rats
323 creatures vanquished.

Notes
Turn   | Place    | Note
-------+----------+-------------------------------------------
     0 | D:1      | Kaderl the Human Fire Elementalist began the quest for the
                  | Orb.
     0 | D:1      | Reached XP level 1. HP: 13/13 MP: 3/3
   189 | D:1      | Reached XP level 2. HP: 9/19 MP: 0/5
   521 | D:1      | Reached XP level 3. HP: 24/24 MP: 4/6
   990 | D:2      | Learned a level 2 spell: Throw Flame
  1746 | D:1      | Reached XP level 4. HP: 3/30 MP: 0/7
  2431 | D:2      | Noticed Natasha
  2436 | D:2      | Killed Natasha
  2436 | D:2      | Reached XP level 5. HP: 13/36 MP: 3/9
  2629 | D:2      | Noticed Natasha
  2635 | D:2      | Killed Natasha
  2657 | D:2      | Noticed Jessica
  2661 | D:2      | Killed Jessica
  2918 | D:2      | Reached XP level 6. HP: 33/42 MP: 1/11
  2952 | D:2      | Noticed Natasha
  3097 | D:2      | Killed Natasha
  3195 | D:3      | Learned a level 3 spell: Conjure Flame
  3727 | D:3      | Found a burning altar of Makhleb.
  3942 | D:4      | Found an opulent altar of Gozag.
  4082 | D:4      | Found an opulent altar of Gozag.
  4086 | D:4      | Found a shattered altar of Ashenzari.
  4091 | D:4      | Found a shadowy altar of Dithmenos.
  4623 | D:4      | Reached XP level 7. HP: 47/47 MP: 5/13
  4864 | D:5      | Entered Level 5 of the Dungeon
  5323 | D:5      | Found a staircase to the Ecumenical Temple.
  5359 | D:5      | HP: 2/47 [poisoned by a scorpion]
  5741 | D:5      | Reached skill level 1 in Fighting
  6272 | D:5      | Reached XP level 8. HP: 46/54 MP: 1/15
  6292 | Temple   | Entered the Ecumenical Temple
  6461 | D:5      | Found a white marble altar of Elyvilon.
  6465 | D:5      | Found a glowing golden altar of the Shining One.
  6467 | D:5      | Found an iron altar of Okawaru.
  6468 | D:5      | Found a basalt altar of Yredelemnul.
  6469 | D:5      | Found a bloodstained altar of Trog.
  6471 | D:5      | Found a glowing silver altar of Zin.
  6936 | D:6      | Reached skill level 5 in Spellcasting
  6986 | D:6      | Reached skill level 5 in Fire Magic
  8230 | D:7      | Found Pilyad Muq's Book Shoppe.
  8262 | D:7      | Found a runed gate.
  8262 | D:7      | Found a runed gate.
  8273 | D:6      | Learned a level 4 spell: Sticky Flame
  8767 | D:7      | Found a runed gate.
  9139 | D:7      | Reached skill level 5 in Conjurations
  9308 | D:7      | Reached XP level 9. HP: 61/61 MP: 14/17
 10382 | D:7      | Noticed Sotto's ghost (novice GrFi)
 11129 | D:7      | Reached skill level 1 in Staves
 11770 | D:7      | Reached XP level 10. HP: 67/67 MP: 15/20
 11908 | D:7      | Found the +5 scythe "Finisher" {speed, Str+3}
 12350 | D:7      | Learned a level 5 spell: Fireball
 13449 | D:8      | Found Ohucseimp's Weapon Emporium.
 14707 | D:9      | Found a deep blue altar of Sif Muna.
 14716 | D:9      | Found an ancient bone altar of Kikubaaqudgha.
 14724 | D:9      | Identified Kikubaaqudgha's Volume of Evil
 14732 | D:9      | Found a radiant altar of Vehumet.
 15426 | D:10     | Entered Level 10 of the Dungeon
 16253 | D:10     | Noticed Psyche
 16331 | D:10     | Reached XP level 11. HP: 70/73 MP: 16/23
 17121 | D:7      | Reached skill level 5 in Dodging
 17416 | D:7      | Got the ring of Desertification {Fire}
 17436 | D:7      | Identified the ring of Desertification {Fire *Corrode Str+9
                  | Int-4 SInv} (You found it on level 7 of the Dungeon)
 18227 | D:11     | Learned a level 3 spell: Inner Flame
 18296 | D:11     | Found a staircase to the Lair.
 18304 | D:11     | Found a staircase to the Orcish Mines.
 18512 | D:11     | Noticed a seven-headed hydra
 18522 | D:11     | Killed a seven-headed hydra
 19305 | Lair:1   | Entered Level 1 of the Lair of Beasts
 20000 | Orc:1    | Entered Level 1 of the Orcish Mines
 20011 | Orc:1    | Noticed an orc high priest
 20445 | Orc:1    | Noticed a soul eater
 20449 | D:11     | Killed an orc high priest
 20757 | Orc:1    | Reached XP level 12. HP: 80/80 MP: 16/25
 20918 | D:11     | Identified a scroll of acquirement
 20919 | D:11     | Found the +2 shield of Resistance {rF+ rC+ MR+}
 21833 | Orc:1    | Found a bloodstained altar of Trog.
 21996 | Orc:2    | Entered Level 2 of the Orcish Mines
 22036 | Orc:1    | Slain by a warg

Skill      XL: |  1  2  3  4  5  6  7  8  9 10 11 |
---------------+----------------------------------+-----
Conjurations   | 2 3 4 5 6 8 9 |  9.7
Spellcasting   | 3 4 5 7 8 9 |  9.8
Fire Magic     | 4 5 6 8 9 |  9.5
Dodging        | 3 4 5 |  5.5
Fighting       | 1 2 |  2.9
Stealth        | 3 4 |  4.1
Staves         | 1 |  1.4
Short Blades   | |  0.3
Unarmed Combat | |  0.4
Hexes          | |  0.9
Evocations     | |  0.9

Action                   |  1- 3 |  4- 6 |  7- 9 | 10-12 || total
-------------------------+-------+-------+-------+-------++-------
Melee: Unarmed           |    18 |     2 |       |       ||    20
       Dagger            |       |     8 |    45 |       ||    53
       Staff             |       |       |    74 |    52 ||   126
 Cast: Flame Tongue      |    53 |   105 |   219 |   408 ||   785
       Throw Flame       |     1 |    13 |   105 |   106 ||   225
       Conjure Flame     |       |     2 |     3 |    38 ||    43
       Sticky Flame      |       |       |     2 |    20 ||    22
       Fireball          |       |       |       |    16 ||    16
       Inner Flame       |       |       |       |     3 ||     3
Evoke: Wand              |       |       |     2 |    21 ||    23
  Use: Scroll            |     2 |     6 |     7 |    12 ||    27
       Potion            |       |       |     5 |     5 ||    10
 Stab: Sleeping          |       |       |       |     1 ||     1
  Eat: Ration            |     1 |     3 |     7 |    10 ||    21
       Chunk             |       |       |       |     1 ||     1
Armor: Robe              |     8 |     8 |    51 |    31 ||    98
Dodge: Dodged            |    24 |    35 |   213 |   142 ||   414
